 Dungeon Crawl Stone Soup version 0.21.1-1-g345015f (webtiles) character file.

139 kae the Shield-Bearer (level 5, -1/42 HPs)
             Began as a Formicid Fighter on May 3, 2018.
             Slain by a hippogriff (3 damage)
             ... on level 3 of the Dungeon.
             The game lasted 00:02:37 (2425 turns).

kae the Shield-Bearer (Formicid Fighter)            Turns: 2425, Time: 00:02:38

Health: -1/42      AC:  8    Str: 22    XL:     5   Next: 46%
Magic:  5/5        EV:  8    Int:  7    God:
Gold:   56         SH:  9    Dex: 10    Spells: 4/4 levels left

rFire    . . .     SeeInvis +   a - +1 long sword
rCold    . . .     Gourm    .   c - +0 shield
rNeg     . . .     Faith    .   b - +1 scale mail
rPois    .         Spirit   .   (helmet unavailable)
rElec    .         Reflect  .   (no cloak)
rCorr    .         Harm     .   (no gloves)
MR       .....                  (no boots)
Stlth    ..........             (no amulet)
HPRegen  0.14/turn              (no ring)
MPRegen  0.09/turn              (no ring)

@: no status effects
A: permanent stasis, dig shafts and tunnels, four strong arms, antennae 3
a: Dig, Shaft Self


You were on level 3 of the Dungeon.
You were not hungry.

You visited 1 branch of the dungeon, and saw 3 of its levels.

You collected 56 gold pieces.

Inventory:

Hand Weapons
 a - a +1 long sword (weapon)
Armour
 b - a +1 scale mail (worn)
 c - a +0 shield (worn)
Jewellery
 s - a cursed amulet of faith {unknown}
Scrolls
 g - 2 scrolls of identify
 h - 2 scrolls of enchant weapon
 j - a scroll of teleportation {unknown}
 k - a scroll of noise {unknown}
 p - a scroll of fog {unknown}
 q - 2 scrolls of enchant armour
Potions
 d - a potion of might
 e - 2 potions of curing
 i - 3 potions of haste
 l - a potion of brilliance {unknown}
 m - a potion of lignification {unknown}
 n - a potion of flight {unknown}
 o - a potion of degeneration {unknown}
 t - a potion of heal wounds {unknown}
Comestibles
 f - 5 rations


   Skills:
 + Level 4.0 Fighting
 * Level 3.6 Long Blades
 + Level 4.1 Armour
 + Level 4.4 Shields


You had 4 spell levels left.
You didn't know any spells.

Dungeon Overview and Level Annotations

Branches:
Dungeon (3/15)

Altars:
Uskayaw


Innate Abilities, Weirdness & Mutations

You cannot be hasted, slowed, berserked, paralysed or teleported.
You can dig through walls and to a lower floor.
Your four strong arms can wield two-handed weapons with a shield.
You have a pair of large antennae on your head. (SInv)


Message History

The hippogriff pecks you but does no damage.
The hippogriff claws you. You block the hippogriff's attack.
The hippogriff barely misses you.
The hippogriff claws you but does no damage.
You barely miss the hippogriff.
The hippogriff is severely wounded.
The hippogriff bites you.
* * * LOW HITPOINT WARNING * * *
The hippogriff pecks you but does no damage.
The hippogriff claws you.
* * * LOW HITPOINT WARNING * * *
You closely miss the hippogriff.
The hippogriff is severely wounded.
The hippogriff bites you.
* * * LOW HITPOINT WARNING * * *
You block the hippogriff's attack. The hippogriff closely misses you.
You slash the hippogriff!
The hippogriff is almost dead.
The hippogriff bites you.
You die...

############
#>........@.?.#
#........H$...#
#...........[.#
#.............#
#...............
#.............#..
#..............###
#.<..<..........
#...H........


You could see a hippogriff.

Vanquished Creatures
  Natasha (thrice) (D:2)
  2 adders (D:2)
  A worm (D:2)
  A dart slug (D:1)
  2 leopard geckos (D:2)
  An orc (D:2)
  2 giant cockroaches
  6 goblins
  9 hobgoblins
  4 bats
  A frilled lizard (D:1)
  3 kobolds
  5 rats
40 creatures vanquished.

Notes
Turn   | Place    | Note
-------+----------+-------------------------------------------
     0 | D:1      | kae the Formicid Fighter began the quest for the Orb.
     0 | D:1      | Reached XP level 1. HP: 18/18 MP: 1/1
   116 | D:1      | Reached XP level 2. HP: 5/24 MP: 2/2
  1073 | D:2      | Noticed Natasha
  1079 | D:2      | Killed Natasha
  1079 | D:2      | Reached XP level 3. HP: 17/30 MP: 3/3
  1102 | D:2      | Noticed Natasha
  1109 | D:2      | Killed Natasha
  1109 | D:2      | Reached XP level 4. HP: 16/37 MP: 4/4
  1283 | D:2      | Noticed Natasha
  1293 | D:2      | Killed Natasha
  1458 | D:2      | Found a hide-covered altar of Uskayaw.
  1469 | D:2      | Reached XP level 5. HP: 37/42 MP: 5/5
  2298 | D:3      | Noticed a hippogriff
  2424 | D:3      | HP: 1/42 [hippogriff (5)]
  2425 | D:3      | Slain by a hippogriff

Skill      XL: |  1  2  3  4  5 |
---------------+----------------+-----
Shields        | 4 |  4.4
Long Blades    | 3 |  3.6
Armour         | 4 |  4.1
Fighting       | 4 |  4.0

Action                   |  1- 3 |  4- 6 || total
-------------------------+-------+-------++-------
Melee: Long sword        |    57 |    90 ||   147
  Use: Scroll            |     4 |       ||     4
       Potion            |       |     1 ||     1
  Eat: Chunk             |       |     5 ||     5
Armor: Scale mail        |    32 |    34 ||    66
Dodge: Dodged            |    19 |    38 ||    57
Block: Shield            |    41 |    47 ||    88
       Rpst.: Long sword |     9 |    11 ||    20
